 Dungeon Crawl Stone Soup version 0.27-a0-1036-g8e1b44f6bd (webtiles) character file.

Game seed: 965447889625538994

41 spiderkeys the Skirmisher (level 3, -1/29 HPs)
             Began as a Demonspawn Abyssal Knight on Apr 18, 2021.
             Was a Follower of Lugonu.
             Slain by Natasha (8 damage)
             ... on level 2 of the Dungeon.
             The game lasted 00:03:04 (1741 turns).

spiderkeys the Skirmisher (DsAK)                    Turns: 1741, Time: 00:03:05

Health: -1/29      AC:  5    Str: 13    XL:     3   Next: 32%
Magic:  5/5        EV: 11    Int: 13    God:    Lugonu [*.....]
Gold:   42         SH:  0    Dex: 12    Spells: 2/2 levels left

rFire    . . .     SeeInvis .   a - +1 spear
rCold    . . .     Faith    .   (no shield)
rNeg     . . .     Spirit   .   b - +0 leather armour
rPois    .         Reflect  .   (no helmet)
rElec    .         Harm     .   e - +0 cloak
rCorr    .         Rampage  .   c - +0 pair of gloves
Will     .....                  (no boots)
Stlth    +.........             (no amulet)
HPRegen  0.09/turn              (no ring)
MPRegen  0.09/turn              (no ring)

@: slowed, very slow
A: powered by pain 1
a: Renounce Religion, Depart the Abyss


You were on level 2 of the Dungeon.
You worshipped Lugonu.
Lugonu was aware of your devotion.
You visited 1 branch of the dungeon, and saw 2 of its levels.
You visited the Abyss 1 time.

You collected 42 gold pieces.


Innate Abilities, Weirdness & Mutations

You sometimes gain a little power by taking damage.


   Skills:
 + Level 3.3 Fighting
 + Level 2.1 Polearms
 + Level 1.0 Slings
 + Level 2.1 Armour
 - Level 1.0 Dodging
 + Level 3.0 Invocations


You had 2 spell levels left.
You didn't know any spells.
Your spell library was empty.

Inventory:

Hand Weapons
 a - a +1 spear (weapon)
 f - a +2 fustibalus of flaming
   (You found it on level 2 of the Abyss)
Missiles
 i - 15 stones
 j - 11 poisoned darts
Armour
 b - a +0 leather armour (worn)
 c - a +0 pair of gloves (worn)
   (You found it on level 2 of the Dungeon)
 e - a +0 cloak (worn)
   (You found it on level 2 of the Abyss)
Magical Staves
 h - a staff of death {!a}
   (You found it on level 1 of the Dungeon)
Scrolls
 d - a scroll of fog
 l - a scroll of noise {!r}
 n - a scroll of identify {@r1}
Potions
 g - a potion of mutation {!q}
 m - a potion of degeneration {unknown}

Dungeon Overview and Level Annotations

Branches:
Dungeon (2/15)

Altars:

Shops:
D:1 *

Annotations:
D:2 Natasha

........ .......
...... .. ....#
... #...####... .
.####..........
.........Sh.......
....######@......#
.........#........
.......).#........
..................
..........#.......
..........#.......
.......<#.#.......
.................#
.................#


You could see Natasha and an adder.


Message History

There is an open door here.
You reach to attack!
You barely miss the goblin.
You reach to attack!
You hit the goblin. You hit the goblin.
You kill the goblin!
Lugonu accepts your kill.
No target in view!
You now have enough gold to buy a scroll labelled HYJEIDWITT on D:1, or buy a scroll labelled PEETOL MITAE on D:1.
You can access your shopping list by pressing '$'.
You now have 33 gold pieces (gained 11).
You now have 42 gold pieces (gained 9).
A dart slug comes into view.
You reach to attack!
You hit the dart slug but do no damage.
You reach to attack!
You hit the dart slug. The dart slug launches a dart at you.
The slug dart misses you.
You reach to attack!
Natasha hisses angrily.
You hit the dart slug.
An adder comes into view.
The adder moves out of view.
You hit the dart slug.
You kill the dart slug!
Lugonu accepts your kill.
You see here a dart slug corpse.
You barely miss Natasha.
Natasha stares at you and mumbles some strange words.
The magic dart hits you! 😮 HP[-9]
You take 9 damage, and now have 20/29 hp.
MASSIVE DAMAGE!! (PAUSE)
You are too injured to fight recklessly!
You are too injured to fight recklessly!
You are too injured to fight recklessly!
You are too injured to fight recklessly!
The adder hisses angrily.
You hit Natasha but do no damage. Natasha claws you. 😮 HP[-4]
You take 4 damage, and now have 16/29 hp.
You hit Natasha but do no damage. Natasha claws you.
* * * LOW HITPOINT WARNING * * *
😨 HP[-6]
You take 6 damage, and now have 10/29 hp.
MASSIVE DAMAGE!! (PAUSE)
You hit Natasha but do no damage. Natasha claws you.
* * * LOW HITPOINT WARNING * * *
😱 HP[-3]
You take 3 damage, and now have 7/29 hp.
You barely miss Natasha.
Natasha stares at you and mumbles some strange words.
The magic dart hits you.
* * * LOW HITPOINT WARNING * * *
😱 HP[-2]
You take 2 damage, and now have 5/29 hp.
You feel better. Natasha closely misses you. 😮 HP[+11]
You regained 11 hp, and now have 16/29 hp.
Okay, then.
You closely miss Natasha. The adder closely misses you. Natasha claws you.
* * * LOW HITPOINT WARNING * * *
😨 HP[-2]
You take 2 damage, and now have 14/29 hp.
You hit Natasha. The adder barely misses you. Natasha claws you.
* * * LOW HITPOINT WARNING * * *
The adder bites you.
* * * LOW HITPOINT WARNING * * *
Unknown command. 😨 HP[-4]
You take 4 damage, and now have 10/29 hp.
You hit Natasha. Natasha claws you!
* * * LOW HITPOINT WARNING * * *
The adder barely misses you. 😱 HP[-8]
You take 8 damage, and now have 2/29 hp.
MASSIVE DAMAGE!! (PAUSE)
You feel better. The adder bites you.
* * * LOW HITPOINT WARNING * * *
You are poisoned.
The adder poisons you! Natasha claws you.
* * * LOW HITPOINT WARNING * * *
😱 HP[+4]
You regained 4 hp, and now have 6/29 hp.
You feel better. The adder closely misses you. Natasha claws you.
* * * LOW HITPOINT WARNING * * *
The adder closely misses you. 😨 HP[+5]
You regained 5 hp, and now have 11/29 hp.
You barely miss Natasha.
Natasha stares at you and mumbles some strange words.
You feel yourself slow down. The adder closely misses you.
You barely miss Natasha. The adder barely misses you.
Natasha claws you but does no damage. The adder closely misses you.
Natasha claws you but does no damage.
You closely miss Natasha. The adder closely misses you.
Natasha closely misses you. The adder barely misses you.
You closely miss Natasha. The adder bites you.
* * * LOW HITPOINT WARNING * * *
Natasha claws you!
You die...

Skill      XL: |  1  2  3 |
---------------+----------+-----
Dodging        | 1 |  1.0
Armour         | 2 |  2.1
Polearms       | 2 |  2.1
Invocations    | 3 |  3.0
Slings         | 1 |  1.0
Fighting       | |  3.3

Action                   || total
-------------------------++-------
Melee: Spear             ||   111
Invok: Depart the Abyss  ||     1
  Use: Scroll            ||     9
       Potion            ||     3
 Stab: Sleeping          ||     2
Armor: Leather armour    ||    17
Dodge: Dodged            ||    62

Levels and vault maps discovered:
D:1:      wander_arrival_fairy_ring, layout_rooms, serial_shops, shop
D:2:      layout_basic, uniq_natasha

Notes
Turn   | Place    | Note
-------+----------+-------------------------------------------
     0 | Abyss:1  | spiderkeys the Demonspawn Abyssal Knight began the quest
                  | for the Orb.
     0 | Abyss:1  | Reached XP level 1. HP: 18/18 MP: 2/2
     0 | Abyss:1  | magus.rc [v1.9.10]
    62 | Abyss:2  | Noticed an apocalypse crab
    92 | Abyss:2  | Noticed a sun demon
    94 | D:1      | You pass through the gate.
    94 | D:1      | Escaped the Abyss
   140 | D:1      | Reached skill level 1 in Dodging
   208 | D:1      | Reached * piety under Lugonu
   253 | D:1      | Gained mutation: You sometimes gain a little power by
                  | taking damage. [demonic ancestry]
   253 | D:1      | Reached XP level 2. HP: 16/24 MP: 3/3
   371 | D:1      | Reached skill level 2 in Armour
   373 | D:1      | Reached skill level 2 in Polearms
   401 | D:1      | Found Howiuco's Assorted Antiques.
   467 | D:1      | HP: 6/24 [ball python (2)]
  1054 | D:2      | Noticed Natasha
  1069 | D:1      | Reached skill level 3 in Invocations
  1069 | D:1      | Reached XP level 3. HP: 25/29 MP: 5/5
  1619 | D:2      | Reached skill level 1 in Slings
  1730 | D:2      | HP: 7/29 [Natasha (3)]
  1735 | D:2      | HP: 2/29 [Natasha (8)]
  1741 | D:2      | HP: 7/29 [adder (4)]
  1741 | D:2      | Slain by Natasha

Vanquished Creatures
  An adder (D:1)
  2 dart slugs
  An endoplasm (D:1)
  2 giant cockroaches (D:1)
  6 goblins
  A hobgoblin (D:1)
  2 quokkas
  3 ball pythons
  2 bats (D:1)
  3 frilled lizards
  A kobold (D:1)
  3 rats (D:1)
27 creatures vanquished.

Table legend:
 A = Non-vault XP
 B = Vault XP
 C = Vault XP percentage of total XP
 D = Non-vault monster count
 E = Vault monster count
 F = Vault count percentage of total count
                 A         B        C        D         E       F
            +---------+---------+-------+---------+---------+-------
      Total |      59 |       0 |   0.0 |      27 |       0 |   0.0
            +---------+---------+-------+---------+---------+-------
        D:1 |      47 |       0 |   0.0 |      21 |       0 |   0.0
        D:2 |      12 |       0 |   0.0 |       6 |       0 |   0.0
            +---------+---------+-------+---------+---------+-------

Illustrated notes

Table legend:
 A = Kills in this place as a percentage of kills in entire the game.
 B = Kills by you in this place as a percentage of kills by you in the entire game.
 C = Kills by friends in this place as a percentage of kills by friends in the entire game.
 D = Other kills in this place as a percentage of other kills in the entire game.
 E = Experience gained in this place as a percentage of experience gained in the entire game.
 F = Experience gained in this place divided by the number of levels of this place that you have seen.
                   A       B       C       D       E      F
               +-------+-------+-------+-------+-------+----------------------
         Total | 100.0 | 100.0 |   N/A |   N/A | 100.0 |  14.8
       Dungeon | 100.0 | 100.0 |   N/A |   N/A | 100.0 |  29.5
               +-------+-------+-------+-------+-------+----------------------

Table legend: (Time is in decaauts)
 A = Elapsed time spent in this place.
 B = Non-inter-level travel time spent in this place.
 C = Inter-level travel time spent in this place.
 D = Time resting spent in this place.
 E = Time spent auto-exploring this place.
 F = Levels seen in this place.
 G = Mean time per level.
                   A        B        C        D        E       F      G
               +--------+--------+--------+--------+--------+-----+--------+
         Total |   1743 |   1701 |     42 |    673 |    713 |   4 |  435.8 |
       Dungeon |   1649 |   1607 |     42 |    673 |    701 |   2 |  824.5 |
         Abyss |     93 |     93 |      0 |      0 |     12 |   2 |   46.5 |
               +--------+--------+--------+--------+--------+-----+--------+

Top non-repeatable levels by time:
     D:1: 1308 daAuts
     D:2: 340 daAuts
 Abyss:2: 61 daAuts
 Abyss:1: 32 daAuts
